 Dungeon Crawl Stone Soup version 0.30-a0-165-g1891117ce2 (webtiles) character file.

Game seed: 5913513085483572182

28 spaghetti the Trooper (level 3, 3/14 (37) HPs)
             Began as an Ogre Reaver on Sept 28, 2022.
             Quit the game on level 2 of the Dungeon.
             The game lasted 00:02:14 (1205 turns).

spaghetti the Trooper (Ogre Reaver)                 Turns: 1205, Time: 00:02:14

HP:   3/14 (37)     AC:  3    Str: 18    XL:     3   Next: 14%
MP:   7/7           EV:  9    Int: 14    God:
Gold: 32            SH:  0    Dex:  7    Spells: 6/7 levels left

rFire   + . .      SeeInvis .    a - +0 mace {mace}
rCold   + . .      Faith    .    (no shield)
rNeg    . . .      Spirit   .    b - +0 robe
rPois   .          Reflect  .    (helmet restricted)
rElec   .          Harm     .    c - scarf {rC+ rF+}
rCorr   .          Rampage  .    (gloves unavailable)
Will    .....                    (boots unavailable)
Stlth   +.........               (no amulet)
HPRegen 0.04/turn                (no ring)
MPRegen 0.10/turn                (no ring)

@: lethally poisoned (3 -> 0), flying, extremely drained
A: large, unfitting armour, tough skin 1
a: no special abilities


You were on level 2 of the Dungeon.
You visited 1 branch of the dungeon, and saw 2 of its levels.

You collected 32 gold pieces.


Innate Abilities, Weirdness & Mutations

You are too large for most types of armour.
You have tough skin. (AC +1)


   Skills:
 + Level 3.4 Fighting
 - Level 2.6 Maces & Flails
 - Level 1.7 Dodging
 + Level 2.6 Spellcasting
 + Level 2.8 Conjurations
 + Level 1.3 Necromancy


You had 6 spell levels left.
You knew the following spells:

 Your Spells              Type           Power      Damage    Failure   Level
a - Kiss of Death         Conj/Necr      28%        2d7       10%         1

Your spell library contained the following spells:

 Spells                   Type           Power      Damage    Failure   Level
 Momentum Strike          Conj/Tloc      10%        3d8       19%         2
 Hailstorm                Conj/Ice       5%         3d4       36%         3

Inventory:

Hand Weapons
 a - a +0 mace (weapon) {mace}
Missiles
 d - 9 stones {throwing}
 e - 4 javelins {throwing}
Armour
 b - a +0 robe (worn)
 c - a scarf of resistance (worn)
   (You found it on level 1 of the Dungeon)
Magical Staves
 g - a staff of air {!astaff}
   (You found it on level 1 of the Dungeon)
Jewellery
 h - a ring of willpower
   (You found it on level 1 of the Dungeon)
Scrolls
 f - 2 scrolls of identify {unknown}
 i - a scroll of silence {unknown}
 k - a scroll of amnesia {unknown}
Potions
 l - a potion of flight

Dungeon Overview and Level Annotations

Branches:
Dungeon (2/15) Zot: 10783

Altars:

## $# .#
.# ! ..
#$ .##
.##.. .
...
...####†#
...(..†@#
.......<#
........#
$[......#
........#
........#
####.....
#.....
......


There were no monsters in sight!


Message History

Key pressed, stopping explore.
Done exploring. 😎 HP[+1]
Your hp is fully restored (8).
Key pressed, stopping explore.
Done exploring.
(D) Dungeon
Where to? (? - help)
There is a stone staircase leading down here.
You climb downwards.
The ball python hisses angrily.
There is a stone staircase leading up here.
A ball python is nearby!
Unknown command.
Unknown command.
Unknown command.
You barely miss the ball python.
An adder comes into view.
The ball python bites you but does no damage.
You closely miss the ball python. The ball python barely misses you.
You hit the ball python.
You kill the ball python!
The adder bites you. 😕 HP[-1]
You now have 9 max hp (+1).
You are too injured to fight recklessly!
You are too injured to fight recklessly!
You are too injured to fight recklessly!
You are too injured to fight recklessly!
You are too injured to fight recklessly!
You are too injured to fight recklessly!
You are too injured to fight recklessly!
You are too injured to fight recklessly!
You are too injured to fight recklessly!
You are too injured to fight recklessly!
You are too injured to fight recklessly!
You are too injured to fight recklessly!
You are too injured to fight recklessly!
You are too injured to fight recklessly!
You are too injured to fight recklessly!
You are too injured to fight recklessly!
You are too injured to fight recklessly!
You are too injured to fight recklessly!
You are too injured to fight recklessly!
You are too injured to fight recklessly!
Unknown command.
You hit the adder. The adder bites you but does no damage.
You barely miss the adder. The adder bites you.
* * * LOW HITPOINT WARNING * * *
You are lethally poisoned!
The adder poisons you! The adder closely misses you. 😨 HP[-3]
You take 3 damage, and now have 4/9 hp.
MASSIVE DAMAGE!! (PAUSE) Unknown command.
Casting: Kiss of Death (safe; 10% risk of failure)
Confirm with . or Enter, or press ? or * to list all spells.
Aiming: Kiss of Death (safe; 10% risk of failure)
Press: ? - help, Shift-Dir - straight line, f - adder
Aim: an adder (lightly wounded, 100% to hit)
The negative energy hits the adder!
The adder is drained!
You kill the adder!
You feel drained.
Ouch! That really hurt!
* * * LOW HITPOINT WARNING * * *
You feel sick.
You have reached level 3!
Your experience leads to an increase in your attributes!
Increase (S)trength, (I)ntelligence, or (D)exterity?
You feel stronger. x3
You now have 14 max hp (+5).
You are lethally poisoned (4 -> 0).
Your life force is extremely drained.
Your movement speed is average.
Your attack delay is about 1.2.
Your damage rating with your +0 mace {mace} is about 10 (Base 8 x 120% (Str) x 111% (Skill)).
It was a potion of magic.
Magic courses through your body.
* * * LOW HITPOINT WARNING * * *
You feel sick. 😨 MP[+2]
Your mp is fully restored (7).
It was a potion of flight.
You feel very buoyant.
You fly up into the air.
* * * LOW HITPOINT WARNING * * *
You feel sick. 😱 HP[-1]
You take 1 damage, and now have 3/14 hp.
You are lethally poisoned (3 -> 0).
You are flying.
Your life force is extremely drained.
Your flying speed is average.
Your attack delay is about 1.2.
Your damage rating with your +0 mace {mace} is about 10 (Base 8 x 120% (Str) x 111% (Skill)). 🤖 Initializing magus.rc ...
Options error: Delay interrupt name "hungry" not recognised. (~/.crawlrc:4761) Options error: Bad monster_list_colour key: strict_neutral (~/.crawlrc:4776) Bad channel name for runrest: 'pray:' ✅ Successfully initialized magus.rc [v1.9.6] Welcome back, spaghetti the Ogre Reaver.
Press ? for a list of commands and other information.
Unknown command.
Are you sure you want to abandon this character and quit the game? (Confirm with "yes".)

Skill      XL: |  1 |
---------------+----+-----
Fighting       | 3 |  3.4
Necromancy     | 1 |  1.3
Maces & Flails | |  2.6
Dodging        | |  1.7
Spellcasting   | |  2.6
Conjurations   | |  2.8

Action                   || total
-------------------------++-------
Melee: Mace              ||    45
 Cast: Kiss of Death     ||     7
  Use: Potion            ||     2
Armor: Robe              ||    27
Dodge: Dodged            ||    35

Levels and vault maps discovered:
D:1:      dpeg_arrival_solitude, layout_basic
D:2:      layout_basic, minmay_hexomino_p4

Notes
Turn   | Place    | Note
-------+----------+-------------------------------------------
     0 | D:1      | spaghetti the Ogre Reaver began the quest for the Orb.
     0 | D:1      | Reached XP level 1. HP: 22/22 MP: 3/3
     0 | D:1      | magus.rc [v1.9.6]
   251 | D:1      | Reached skill level 3 in Fighting
   295 | D:1      | Reached skill level 1 in Necromancy
   295 | D:1      | Reached XP level 2. HP: 25/30 MP: 5/5
  1203 | D:2      | Reached XP level 3. HP: 4/14 MP: 5/7
  1204 | D:2      | HP: 3/14 [poisoned by an adder]
  1205 | D:2      | Upgraded the game from 0.30-a0-159-g068b764562 to
                  | 0.30-a0-165-g1891117ce2
  1205 | D:2      | magus.rc [v1.9.6]
  1205 | D:2      | Quit the game

Vanquished Creatures
  An adder (D:2)
  4 ball pythons
  4 bats (D:1)
  2 hobgoblins (D:1)
  2 jackals (D:1)
  3 quokkas (D:1)
  A frilled lizard (D:1)
17 creatures vanquished.

Table legend:
 A = Non-vault XP
 B = Vault XP
 C = Vault XP percentage of total XP
 D = Non-vault monster count
 E = Vault monster count
 F = Vault count percentage of total count
                 A         B        C        D         E       F
            +---------+---------+-------+---------+---------+-------
      Total |      26 |      15 |  36.6 |      15 |       2 |  11.8
            +---------+---------+-------+---------+---------+-------
        D:1 |      26 |       0 |   0.0 |      15 |       0 |   0.0
        D:2 |       0 |      15 | 100.0 |       0 |       2 | 100.0
            +---------+---------+-------+---------+---------+-------

Illustrated notes

Table legend:
 A = Kills in this place as a percentage of kills in entire the game.
 B = Kills by you in this place as a percentage of kills by you in the entire game.
 C = Kills by friends in this place as a percentage of kills by friends in the entire game.
 D = Other kills in this place as a percentage of other kills in the entire game.
 E = Experience gained in this place as a percentage of experience gained in the entire game.
 F = Experience gained in this place divided by the number of levels of this place that you have seen.
                   A       B       C       D       E      F
               +-------+-------+-------+-------+-------+----------------------
         Total | 100.0 | 100.0 |   N/A |   N/A | 100.0 |  20.5
       Dungeon | 100.0 | 100.0 |   N/A |   N/A | 100.0 |  20.5
               +-------+-------+-------+-------+-------+----------------------

Table legend: (Time is in decaauts)
 A = Elapsed time spent in this place.
 B = Non-inter-level travel time spent in this place.
 C = Inter-level travel time spent in this place.
 D = Time resting spent in this place.
 E = Time spent auto-exploring this place.
 F = Levels seen in this place.
 G = Mean time per level.
                   A        B        C        D        E       F      G
               +--------+--------+--------+--------+--------+-----+--------+
         Total |   1216 |   1192 |     24 |      0 |   1043 |   2 |  608.0 |
       Dungeon |   1216 |   1192 |     24 |      0 |   1043 |   2 |  608.0 |
               +--------+--------+--------+--------+--------+-----+--------+

Top non-repeatable levels by time:
     D:1: 1205 daAuts
     D:2: 11 daAuts
